HSSL
BISHOP GORMAN HS BALBASAURS @ H.H. DOW HS CHARGERS
05/22/2025
 
TOP OF THE 1ST
Bishop Gorman HS batting - Pitching for H.H. Dow HS Chargers : RHP Conrad Berry
Pitching: RHP Conrad Berry
Batting: RHB Steve Murphy 0-0: Swinging Strike
0-1: SINGLE (Groundball, 56D)
Batting: SHB Darren Ramsey 0-0: Called Strike
0-1: Ball
1-1: Ball
2-1: Fielders Choice at 2nd, 6-4 (Groundball, 6M)
Batting: RHB Gary Robinson 0-0: Called Strike
0-1: Grounds into double play, 2-6-3 (Groundball, 2R)
Top of the 1st over - 0 run(s), 1 hit(s), 0 error(s), 0 left on base; Bishop Gorman HS 0 - H.H. Dow HS 0
BOTTOM OF THE 1ST
H.H. Dow HS Chargers batting - Pitching for Bishop Gorman HS : RHP Patrick Lloyd
Pitching: RHP Patrick Lloyd
Batting: RHB Mario Ramírez 0-0: Ball
1-0: Called Strike
1-1: Ball
2-1: Foul Ball, location: 2F
2-2: Ground out 5-3 (Groundball, 56)
Batting: LHB Steven Gregory 0-0: Ball
1-0: Ball
2-0: Called Strike
2-1: Foul Ball, location: 2F
2-2: SOLO HOME RUN (Flyball, 9LD), Distance : 355 ft
Batting: RHB Joe Wiggs 0-0: Called Strike
0-1: Called Strike
0-2: Ground out 4-3 (Groundball, 34)
Batting: LHB T.J. Richardson 0-0: Called Strike
0-1: Ball
1-1: Swinging Strike
1-2: Ball
2-2: Ball
3-2: Base on Balls
Batting: RHB John Small 0-0: Called Strike
0-1: Foul Ball, location: 2F
0-2: Ball
1-2: Foul Ball, location: 2F
1-2: Strikes out swinging
Bottom of the 1st over - 1 run(s), 1 hit(s), 0 error(s), 1 left on base; Bishop Gorman HS 0 - H.H. Dow HS 1
TOP OF THE 2ND
Bishop Gorman HS batting - Pitching for H.H. Dow HS Chargers : RHP Conrad Berry
Batting: LHB Jean-Sébastien Beaudin 0-0: Ball
1-0: Ball
2-0: Fly out, F7 (Flyball, 7LM)
Batting: RHB Max Kimball 0-0: Foul Ball, location: 2F
0-1: Foul Ball, location: 2F
0-2: SINGLE (Groundball, 6MD)
Batting: RHB Sidney Gilbert 0-0: Ball
1-0: Ball
2-0: Ball
3-0: Base on Balls
Max Kimball to second
Batting: LHB Zhen-bang Rao 0-0: Ball
1-0: Fly out, F8 (Flyball, 8LM)
Batting: RHB Bryan Martínez 0-0: Called Strike
0-1: Called Strike
0-2: Ball
1-2: Fly out, F9 (Flyball, 89M)
Top of the 2nd over - 0 run(s), 1 hit(s), 0 error(s), 2 left on base; Bishop Gorman HS 0 - H.H. Dow HS 1
BOTTOM OF THE 2ND
H.H. Dow HS Chargers batting - Pitching for Bishop Gorman HS : RHP Patrick Lloyd
Batting: LHB Paul Cotton 0-0: Called Strike
0-1: Ball
1-1: Fly out, F9 (Popup, 4D)
Batting: RHB Keith Olson 0-0: Ball
1-0: Ball
2-0: Ground out 5-3 (Groundball, 5S)
Batting: RHB Michael Ray 0-0: Ball
1-0: Bunt for hit - play at first, batter OUT! 1-3
Bottom of the 2nd over - 0 run(s), 0 hit(s), 0 error(s), 0 left on base; Bishop Gorman HS 0 - H.H. Dow HS 1
TOP OF THE 3RD
Bishop Gorman HS batting - Pitching for H.H. Dow HS Chargers : RHP Conrad Berry
Batting: LHB Jack Jefferson 0-0: Ball
1-0: Fly out, F9 (Flyball, 89M)
Batting: RHB Steve Murphy 0-0: Ball
1-0: Ball
2-0: Ball
3-0: Base on Balls
Batting: SHB Darren Ramsey 0-0: SINGLE (Line Drive, 78M)
Steve Murphy to second
Batting: RHB Gary Robinson 0-0: Ball
1-0: Grounds into double play, 6-4-3 (Groundball, 6)
Top of the 3rd over - 0 run(s), 1 hit(s), 0 error(s), 1 left on base; Bishop Gorman HS 0 - H.H. Dow HS 1
BOTTOM OF THE 3RD
H.H. Dow HS Chargers batting - Pitching for Bishop Gorman HS : RHP Patrick Lloyd
Batting: RHB Sidney Boyd 0-0: Called Strike
0-1: Swinging Strike
0-2: DOUBLE (Flyball, 8LM)
Batting: RHB Mario Ramírez 0-0: Ball
1-0: Ball
2-0: Called Strike
2-1: SINGLE (Flyball, 7S)
Sidney Boyd to third
Batting: LHB Steven Gregory 0-0: Called Strike
0-1: Ball
1-1: Swinging Strike
1-2: Strikes out swinging
Batting: RHB Joe Wiggs 0-0: Ball
1-0: Ball
2-0: Grounds into double play, 6-4-3 (Groundball, 6)
Bottom of the 3rd over - 0 run(s), 2 hit(s), 0 error(s), 1 left on base; Bishop Gorman HS 0 - H.H. Dow HS 1
TOP OF THE 4TH
Bishop Gorman HS batting - Pitching for H.H. Dow HS Chargers : RHP Conrad Berry
Batting: LHB Jean-Sébastien Beaudin 0-0: Ball
1-0: Ball
2-0: Fly out, F8 (Flyball, 8LM)
Batting: RHB Max Kimball 0-0: Fly out, F9 (Line Drive, 89M)
Batting: RHB Sidney Gilbert 0-0: Ball
1-0: SINGLE (Groundball, 6MD)
Batting: LHB Zhen-bang Rao 0-0: Foul Ball, location: 2F
0-1: Ball
1-1: Foul Ball, location: 2F
1-2: Ground out U3 (Groundball, 3S)
Top of the 4th over - 0 run(s), 1 hit(s), 0 error(s), 1 left on base; Bishop Gorman HS 0 - H.H. Dow HS 1
BOTTOM OF THE 4TH
H.H. Dow HS Chargers batting - Pitching for Bishop Gorman HS : RHP Patrick Lloyd
Batting: LHB T.J. Richardson 0-0: Ball
1-0: Ball
2-0: TRIPLE (Flyball, 78M)
Batting: RHB John Small 0-0: Ball
1-0: 2-RUN HOME RUN (Flyball, 78XD), Distance : 418 ft
Batting: LHB Paul Cotton 0-0: Called Strike
0-1: Ball
1-1: SINGLE (Line Drive, 7S)
Batting: RHB Keith Olson 0-0: Called Strike
0-1: Foul Ball, location: 2F
0-2: Ball
1-2: Ball
2-2: Foul Ball, location: 2F
2-2: Ball
3-2: Foul Ball, location: 2F
3-2: Foul Ball, location: 2F
3-2: Base on Balls
Paul Cotton to second
Batting: RHB Michael Ray 0-0: Ball
1-0: Ball
2-0: Grounds into double play, U6-3 (Groundball, 6M)
Paul Cotton to third
Batting: RHB Sidney Boyd 0-0: Called Strike
0-1: Foul Ball, location: 2F
0-2: Ball
1-2: Ball
2-2: Ball
3-2: Base on Balls
Batting: RHB Mario Ramírez 0-0: Swinging Strike
0-1: Called Strike
0-2: Strikes out looking
Bottom of the 4th over - 2 run(s), 3 hit(s), 0 error(s), 2 left on base; Bishop Gorman HS 0 - H.H. Dow HS 3
TOP OF THE 5TH
Bishop Gorman HS batting - Pitching for H.H. Dow HS Chargers : RHP Conrad Berry
Batting: RHB Bryan Martínez 0-0: Ball
1-0: Ball
2-0: Ball
3-0: Called Strike
3-1: Foul Ball, location: 2F
3-2: Foul Ball, location: 2F
3-2: Fly out, F8 (Flyball, 8RM)
Batting: LHB Jack Jefferson 0-0: Ball
1-0: Swinging Strike
1-1: Foul Ball, location: 2F
1-2: Foul Ball, location: 2F
1-2: Ball
2-2: Strikes out looking
Batting: RHB Steve Murphy 0-0: Swinging Strike
0-1: SINGLE (Line Drive, 56D)
Batting: SHB Darren Ramsey 0-0: Ball
1-0: Ball
2-0: Foul Ball, location: 2F
2-1: Ball
3-1: Foul Ball, location: 2F
3-2: Base on Balls
Steve Murphy to second
Batting: RHB Gary Robinson 0-0: Foul Ball, location: 2F
0-1: Ball
1-1: Foul Ball, location: 2F
1-2: Ball
2-2: Foul Ball, location: 2F
2-2: Ball
3-2: Foul Ball, location: 2F
3-2: SINGLE (Groundball, 6MD)
Steve Murphy to third
Darren Ramsey to second
Steve Murphy scores
Darren Ramsey to third
Batting: LHB Jean-Sébastien Beaudin 0-0: SINGLE (Flyball, 8LM)
Darren Ramsey scores
Gary Robinson to second
Batting: RHB Max Kimball 0-0: Ball
1-0: Called Strike
1-1: Fielders Choice at 2nd, U4 (Groundball, 4M)
Top of the 5th over - 2 run(s), 3 hit(s), 0 error(s), 2 left on base; Bishop Gorman HS 2 - H.H. Dow HS 3
BOTTOM OF THE 5TH
H.H. Dow HS Chargers batting - Pitching for Bishop Gorman HS : RHP Patrick Lloyd
Batting: LHB Steven Gregory 0-0: Bunt for hit - play at first, batter OUT! 1-3
Batting: RHB Joe Wiggs 0-0: SOLO HOME RUN (Flyball, 78XD), Distance : 419 ft
Batting: LHB T.J. Richardson 0-0: Swinging Strike
0-1: Ground out 4-3 (Groundball, 4M)
Batting: RHB John Small 0-0: Hit by Pitch
Pitching: RHP Will Brown
Batting: LHB Paul Cotton 0-0: Swinging Strike
0-1: Called Strike
0-2: Ball
John Small is caught stealing 2nd base
Bottom of the 5th over - 1 run(s), 1 hit(s), 0 error(s), 0 left on base; Bishop Gorman HS 2 - H.H. Dow HS 4
TOP OF THE 6TH
Bishop Gorman HS batting - Pitching for H.H. Dow HS Chargers : RHP Conrad Berry
Batting: RHB Sidney Gilbert 0-0: Ball
1-0: Ball
2-0: Ball
3-0: Called Strike
3-1: Ground out 5-3 (Groundball, 5)
Pitching: RHP Steve Childers
Batting: LHB Zhen-bang Rao 0-0: Called Strike
0-1: SINGLE (Groundball, 3S) (infield hit)
Batting: RHB Bryan Martínez 0-0: Ball
1-0: Ball
Passed Ball!
Zhen-bang Rao to second
2-0: Fly out, F8 (Flyball, 8RD)
Runner from 2nd tags up, SAFE at 3rd, no throw
Batting: LHB Jack Jefferson 0-0: Foul Ball, location: 2F
0-1: Ball
1-1: Foul Ball, location: 2F
1-2: Ball
2-2: Foul Ball, location: 2F
2-2: Ball
3-2: Foul Ball, location: 2F
3-2: Strikes out swinging
Top of the 6th over - 0 run(s), 1 hit(s), 0 error(s), 1 left on base; Bishop Gorman HS 2 - H.H. Dow HS 4
BOTTOM OF THE 6TH
H.H. Dow HS Chargers batting - Pitching for Bishop Gorman HS : RHP Will Brown
Batting: LHB Paul Cotton 0-0: Ball
1-0: Foul Ball, location: 2F
1-1: SINGLE (Groundball, 34)
Batting: RHB Keith Olson 0-0: Ball
1-0: Ball
2-0: Called Strike
2-1: SINGLE (Groundball, 23) (infield hit)
Paul Cotton to second
Batting: RHB Michael Ray 0-0: Ball
1-0: SINGLE (Groundball, 6MD)
Paul Cotton to third
Keith Olson to second
Runner from 3rd tries for Home, SAFE, no throw or cutoff
Batting: RHB Sidney Boyd 0-0: Fly out, F4 (Popup, 4MS)
Batting: RHB Mario Ramírez 0-0: Called Strike
0-1: Foul Ball, location: 2F
0-2: Ball
1-2: Ball
2-2: Ball
3-2: SINGLE (Groundball, 6M)
Keith Olson to third
Michael Ray to second
Batting: LHB Steven Gregory 0-0: Hit by Pitch
Keith Olson scores
Michael Ray to third
Mario Ramírez to second
Batting: RHB Joe Wiggs 0-0: SINGLE (Flyball, 78S)
Michael Ray scores
Mario Ramírez to third
Steven Gregory to second
Pitching: LHP Miguel Aragón
Batting: LHB T.J. Richardson 0-0: Ball
1-0: Foul Ball, location: 2F
1-1: Ground out 4-3 (Groundball, 4M)
Mario Ramírez scores
Steven Gregory to third
Joe Wiggs to second
Batting: RHB John Small 0-0: Fly out, F4 (Popup, 34D)
Bottom of the 6th over - 4 run(s), 5 hit(s), 0 error(s), 2 left on base; Bishop Gorman HS 2 - H.H. Dow HS 8
TOP OF THE 7TH
Bishop Gorman HS batting - Pitching for H.H. Dow HS Chargers : RHP Steve Childers
Batting: RHB Steve Murphy 0-0: Ball
1-0: Foul Ball, location: 2F
1-1: Called Strike
1-2: Ball
2-2: Strikes out swinging
Batting: SHB Darren Ramsey 0-0: Called Strike
0-1: Foul Ball, location: 2F
0-2: Strikes out looking
Batting: RHB Gary Robinson 0-0: Called Strike
0-1: Ball
1-1: Ball
2-1: Ball
3-1: Base on Balls
Batting: LHB Jean-Sébastien Beaudin 0-0: Foul Ball, location: 2F
0-1: Ball
1-1: SINGLE (Flyball, 4MD)
Gary Robinson to second
Batting: RHB Max Kimball 0-0: Ball
1-0: Swinging Strike
1-1: Swinging Strike
1-2: Ball
2-2: 3-RUN HOME RUN (Flyball, 7LD), Distance : 344 ft
Pitching: RHP Benton Wilkerson
Batting: RHB Sidney Gilbert 0-0: Ball
1-0: Called Strike
1-1: Foul Ball, location: 2F
1-2: Ball
2-2: Fly out, F4 (Line Drive, 4)
Top of the 7th over - 3 run(s), 2 hit(s), 0 error(s), 0 left on base; Bishop Gorman HS 5 - H.H. Dow HS 8
BOTTOM OF THE 7TH
H.H. Dow HS Chargers batting - Pitching for Bishop Gorman HS : LHP Miguel Aragón
Batting: LHB Paul Cotton 0-0: Ball
1-0: Called Strike
1-1: Ball
2-1: Ball
3-1: Base on Balls
Batting: RHB Keith Olson 0-0: Ball
1-0: Called Strike
1-1: Sac Bunt - play at first, batter OUT! 2-4
Paul Cotton to second
Batting: RHB Michael Ray 0-0: Ball
1-0: Foul Ball, location: 2F
1-1: Fly out, F8 (Flyball, 8LM)
Batting: RHB Sidney Boyd 0-0: Ball
1-0: Foul Ball, location: 2F
1-1: Ball
Wild Pitch!
Paul Cotton to third
2-1: Swinging Strike
2-2: Strikes out looking
Bottom of the 7th over - 0 run(s), 0 hit(s), 0 error(s), 1 left on base; Bishop Gorman HS 5 - H.H. Dow HS 8
TOP OF THE 8TH
Bishop Gorman HS batting - Pitching for H.H. Dow HS Chargers : RHP Benton Wilkerson
Now at SS: Greg Scott
Batting: LHB Zhen-bang Rao 0-0: Called Strike
0-1: Ball
1-1: Swinging Strike
1-2: Ball
2-2: Ball
3-2: Base on Balls
Pitching: LHP Tom Martin
Batting: RHB Bryan Martínez 0-0: Ball
1-0: Swinging Strike
1-1: Foul Ball, location: 2F
1-2: Ball
2-2: Strikes out swinging
Batting: LHB Jack Jefferson 0-0: Foul Ball, location: 2F
0-1: Foul Ball, location: 2F
0-2: Strikes out swinging
Pitching: RHP Vince Chappell
Batting: RHB Steve Murphy 0-0: Ball
1-0: SINGLE (Line Drive, 34D)
Zhen-bang Rao to second
Batting: SHB Darren Ramsey 0-0: Ball
1-0: Foul Ball, location: 2F
1-1: Ground out 4-3 (Groundball, 4)
Top of the 8th over - 0 run(s), 1 hit(s), 0 error(s), 2 left on base; Bishop Gorman HS 5 - H.H. Dow HS 8
BOTTOM OF THE 8TH
H.H. Dow HS Chargers batting - Pitching for Bishop Gorman HS : LHP Miguel Aragón
Batting: RHB Mario Ramírez 0-0: Called Strike
0-1: Ball
1-1: Ball
2-1: Swinging Strike
2-2: Foul Ball, location: 2F
2-2: Foul Ball, location: 2F
2-2: SINGLE (Line Drive, 56D)
Batting: LHB Steven Gregory 0-0: Called Strike
0-1: Bunted foul
0-2: Ball
Wild Pitch!
Mario Ramírez to second
1-2: Foul Ball, location: 2F
1-2: Ball
2-2: Foul Ball, location: 2F
2-2: Foul Ball, location: 2F
2-2: Foul Ball, location: 2F
2-2: Foul Ball, location: 2F
2-2: Foul Ball, location: 2F
2-2: Ground out 4-3 (Groundball, 34)
Mario Ramírez to third
Batting: RHB Joe Wiggs 0-0: Intentional Walk
Pitching: LHP Tommy Campbell
Batting: LHB T.J. Richardson 0-0: Called Strike
0-1: Foul Ball, location: 2F
0-2: Ball
1-2: Ball
Wild Pitch!
Mario Ramírez scores
Joe Wiggs to second
2-2: Foul Ball, location: 2F
2-2: Foul Ball, location: 2F
2-2: Foul Ball, location: 2F
2-2: Foul Ball, location: 2F
2-2: Foul Ball, location: 2F
2-2: Foul Ball, location: 2F
2-2: Ball
3-2: Base on Balls
Batting: RHB John Small 0-0: SINGLE (Line Drive, 78S)
Joe Wiggs to third
T.J. Richardson to second
Batting: LHB Paul Cotton 0-0: Foul Ball, location: 2F
0-1: Fly out, F8 (Flyball, 8RM)
Runner from 3rd tags up, OUT at HOME
Bottom of the 8th over - 1 run(s), 2 hit(s), 0 error(s), 2 left on base; Bishop Gorman HS 5 - H.H. Dow HS 9
TOP OF THE 9TH
Bishop Gorman HS batting - Pitching for H.H. Dow HS Chargers : RHP Vince Chappell
Batting: RHB Gary Robinson 0-0: Ball
1-0: Ball
2-0: Called Strike
2-1: Ball
3-1: Base on Balls
Batting: LHB Jean-Sébastien Beaudin 0-0: Foul Ball, location: 2F
0-1: Ball
1-1: Foul Ball, location: 2F
1-2: SINGLE (Line Drive, 9S)
Gary Robinson to second
Runner from 2nd tries for 3rd, SAFE, throw made to third
Pitching: LHP Russ Maule
Batting: RHB Max Kimball 0-0: Ball
1-0: Called Strike
1-1: Foul Ball, location: 2F
1-2: 3-RUN HOME RUN (Flyball, 8LXD), Distance : 437 ft
Batting: RHB Sidney Gilbert 0-0: Ball
1-0: SINGLE (Groundball, 56D)
Pinch Hitting: RHB Ed Gómez 0-0: Called Strike
0-1: Swinging Strike
0-2: Foul Ball, location: 2F
0-2: Ball
1-2: Fielders Choice at 2nd, 6-4 (Groundball, 6)
Batting: RHB Bryan Martínez 0-0: Foul Ball, location: 2F
0-1: Swinging Strike
0-2: Ball
1-2: Ball
2-2: Strikes out looking
Batting: LHB Jack Jefferson 0-0: SINGLE (Line Drive, 89M)
Ed Gómez to second
Pinch Runner at 2nd Kent Bannatyne:
Batting: RHB Steve Murphy 0-0: Called Strike
0-1: Foul Ball, location: 2F
0-2: Foul Ball, location: 2F
0-2: Fly out, F7 (Flyball, 8LM)
Top of the 9th over - 3 run(s), 4 hit(s), 0 error(s), 2 left on base; Bishop Gorman HS 8 - H.H. Dow HS 9
This league is powered by Out of the Park Baseball, the baseball management simulation game for PC, Mac and Linux
Tuesday, August 2nd, 2016 - OOTP Baseball 16.8 Build 38